 Dungeon Sprint DCSS version 0.29-a0-732-g3d7fbe0af2 (webtiles) character file.

Game seed: 14894280210747292936

983 Hipnos the Thaumaturge (level 7, -1/57 HPs)
             Began as a Deep Elf Venom Mage on June 29, 2022.
             Succumbed to a water moccasin's poison
             ... in the Dungeon (Sprint II: "The Violet Keep of Menkaure").
             The game lasted 00:07:29 (799 turns).

Hipnos the Thaumaturge (Deep Elf Venom Mage)         Turns: 799, Time: 00:07:29

Health: -1/57      AC:  2    Str:  5    XL:     7   Next: 96%
Magic:  23/25      EV: 14    Int: 22    God:
Gold:   248        SH:  5    Dex: 15    Spells: 22/32 levels left

rFire   . . .      SeeInvis .   d - +3 trident
rCold   . . .      Faith    .   (no shield)
rNeg    . . .      Spirit   .   a - +0 robe
rPois   .          Reflect  +   (no helmet)
rElec   .          Harm     .   (no cloak)
rCorr   .          Rampage  .   (no gloves)
Will    .....      NoTele   +   (no boots)
Stlth   ..........              h - amulet "Xeiv Soa" {Reflect Regen+ SH+5}
HPRegen 0.99/turn               (no ring)
MPRegen 0.19/turn               (no ring)

@: berserking, lethally poisoned (-1 -> -11), very quick
A: no striking features
a: no special abilities


You were in the Dungeon.
You visited 1 branch You collected 729 gold pieces.
You spent 481 gold pieces at shops.

Inventory:

Hand Weapons
 d - a +3 trident (weapon)
Armour
 a - a +0 robe (worn)
Jewellery
 h - the amulet "Xeiv Soa" (around neck) {Reflect Regen+ SH+5}
   (You bought it in a shop in the Dungeon)

   [amulet of reflection]

   It reflects blocked missile attacks.
   Regen:     It increases your rate of health regeneration.
   SH:        It affects your SH (+5).
Scrolls
 g - a scroll of blinking
Potions
 b - a potion of magic
 e - a potion of haste


   Skills:
 + Level 1.6 Fighting
 + Level 0.2 Polearms
 + Level 4.5 Dodging
 + Level 5.0 Stealth
 + Level 0.1 Unarmed Combat
 + Level 13.2 Spellcasting
 + Level 1.2 Conjurations
 + Level 8.7 Transmutations
 + Level 4.1 Air Magic
 + Level 11.0 Poison Magic


You had 22 spell levels left.
You knew the following spells:

 Your Spells              Type           Power      Damage    Failure   Level
a - Sting                 Tmut/Pois      100%       1d8       1%          1
b - Poisonous Vapours     Pois/Air       94%        N/A       1%          2
c - Olgreb's Toxic Radia  Pois           59%        N/A       1%          4
d - Mephitic Cloud        Conj/Pois/Air  38%        N/A       1%          3

Your spell library contained the following spells:

 Spells                   Type           Power      Damage    Failure   Level


Dungeon Overview and Level Annotations

Branches:
Dungeon (1/1)

Altars:

Shops:
D =[:(=?!!=([[=(:

Annotations:
D exclusion: oklob plant


Message History

Menkaure is severely damaged.
Menkaure barely misses you.
You hit Menkaure.
Menkaure is almost destroyed.
Your toxic aura wanes.
You block Menkaure's attack.
You hit Menkaure.
You destroy Menkaure!
The water moccasin bites you but does no damage.
Your Stealth skill increases to level 5!
Your Spellcasting skill increases to level 13!
Your Air Magic skill increases to level 4!
Your Poison Magic skill increases to level 11!
You barely miss the water moccasin.
The water moccasin is moderately wounded.
The water moccasin bites you.
You are poisoned.
The water moccasin poisons you! The water moccasin misses you.
You miss the water moccasin.
The water moccasin is moderately wounded.
You feel very sick. The water moccasin bites you.
The water moccasin misses you.
You hit the water moccasin.
The water moccasin is moderately wounded.
You feel very sick. You block the water moccasin's attack.
The water moccasin closely misses you.
You hit the water moccasin.
The water moccasin is moderately wounded.
You feel very sick.
The water moccasin barely misses you. x2
You barely miss the water moccasin.
The water moccasin is moderately wounded.
You feel sick. The water moccasin bites you!
* * * LOW HITPOINT WARNING * * *
You are more poisoned.
The water moccasin poisons you!
The death yak snorts and paws the ground.
A red film seems to cover your vision as you go berserk!
You feel yourself moving faster!
You feel mighty!
You die...

############≈≈#++
###########≈≈≈...
##.......∩#≈≈≈≈.##+##
##∩.......#≈≈≈≈##.#.##
##.∩...∩.∩#≈≈≈≈#.###.#
##∩.∩.∩.∩.#≈≈####.#.####
##.∩.∩.∩..#≈##.###'###.##
##..∩.∩...#≈###.##.##...#
##...⌠...@S≈'.##'†<.÷.#
##........#≈#...##†##...#
#▓▓▓▓▓▓▓###≈##.###'###.##
##?[Y######≈≈####†#.####
#([D#S ##≈≈≈#..#..#
#∩P)+.$ +#≈###.###
#[$)#[# ≈≈##+# #?. ≈≈


You could see an ice dragon, a death yak, an oklob plant and a water moccasin.

Vanquished Creatures
  A merfolk siren (D)
  2 wyverns (D)
  Menkaure (D)
  4 scorpions (D)
  3 worms (D)
11 creatures vanquished.

Notes
Turn   | Place    | Note
-------+----------+-------------------------------------------
     0 | D        | Hipnos the Deep Elf Venom Mage began the quest for the Orb.
     0 | D        | Reached XP level 1. HP: 10/10 MP: 6/6
   182 | D        | Reached XP level 2. HP: 6/15 MP: 3/8
   226 | D        | Learned a level 2 spell: Poisonous Vapours
   353 | D        | Found Naijam's Armour Emporium.
   353 | D        | Found Xoryv's Jewellery Emporium.
   353 | D        | Found Beopiyj's Jewellery Shoppe.
   353 | D        | Found Nicw's Book Emporium.
   353 | D        | Found Ofuix's Antique Armour Shoppe.
   353 | D        | Found Noecoth's Antique Weapon Shoppe.
   354 | D        | Found Qeeh's Antique Weapon Emporium.
   363 | D        | Noticed a wyvern
   363 | D        | Noticed a wyvern
   367 | D        | Noticed a scorpion
   367 | D        | Noticed a scorpion
   367 | D        | Noticed a scorpion
   367 | D        | Noticed a scorpion
   371 | D        | Noticed a merfolk siren
   399 | D        | Killed a merfolk siren
   400 | D        | Reached skill level 1 in Fighting
   400 | D        | Reached skill level 10 in Spellcasting
   400 | D        | Reached XP level 3. HP: 19/20 MP: 0/16
   400 | D        | Reached XP level 4. HP: 24/25 MP: 0/18
   400 | D        | Reached XP level 5. HP: 28/29 MP: 0/19
   400 | D        | Reached XP level 6. HP: 33/34 MP: 0/21
   524 | D        | Learned a level 4 spell: Olgreb's Toxic Radiance
   528 | D        | Learned a level 3 spell: Mephitic Cloud
   535 | D        | Reached skill level 11 in Spellcasting
   536 | D        | Reached XP level 7. HP: 38/38 MP: 13/23
   537 | D        | Reached skill level 10 in Poison Magic
   621 | D        | Killed a wyvern
   622 | D        | Reached skill level 12 in Spellcasting
   622 | D        | Reached skill level 1 in Conjurations
   633 | D        | Killed a wyvern
   667 | D        | Found Ymemiphufu's Distillery.
   668 | D        | Found Zeawu's Distillery.
   668 | D        | Found Zengum's Magic Scroll Emporium.
   669 | D        | Noticed a death yak
   739 | D        | Found Xaonut's Jewellery Emporium.
   739 | D        | Found Miywouh's Antique Weapon Shoppe.
   739 | D        | Noticed Menkaure
   739 | D        | Noticed an oklob plant
   739 | D        | Noticed an ice dragon
   740 | D        | Found Lyjigix's Antique Armour Shoppe.
   740 | D        | Found Fiphilon's Book Shoppe.
   740 | D        | Found Olaont's Jewellery Emporium.
   762 | D        | Bought the amulet "Xeiv Soa" {Reflect Regen+ SH+5} for 481
                  | gold pieces
   793 | D        | Killed Menkaure
   794 | D        | Reached skill level 5 in Stealth
   794 | D        | Reached skill level 13 in Spellcasting
   798 | D        | HP: 1/38 [water moccasin (9)]
   799 | D        | Succumbed to a water moccasin's poison

Illustrated notes

Levels and vault maps discovered:
D:        the_violet_keep_of_menkaure [sprint2_stairs_cluster_1,
          sprint2_shoproom, sprint2_temple, sprint2_basic_supplies,
          sprint2_obstacle_6, sprint2_obstacle_5, sprint2_obstacle_3,
          sprint2_obstacle_2, sprint2_obstacle_1, sprint2_timed_cluster_1,
          sprint2_smallroom_cluster_1, sprint2_smallroom_final_cluster_1,
          sprint2_transparent_cluster_1, sprint2_second_timed_cluster_1,
          sprint2_sniper_area_1, sprint2_heavy_combat_area_1,
          sprint2_mutation_trap_area_1, sprint2_forest_area_1,
          sprint2_light_combat_area_1, sprint2_behind_water_1,
          sprint2_near_end_vault_1]

Skill      XL: |  1  2  3  4  5  6  7 |
---------------+----------------------+-----
Poison Magic   | 4 9 11 | 11.0
Dodging        | 3 4 |  4.5
Fighting       | 1 |  1.6
Stealth        | 4 5 |  5.0
Spellcasting   | 10 11 13 | 13.2
Transmutations | 6 7 8 |  8.7
Air Magic      | 2 4 |  4.1
Conjurations   | 1 |  1.2
Polearms       | |  0.2
Unarmed Combat | |  0.1

Action                   |  1- 3 |  4- 6 |  7- 9 || total
-------------------------+-------+-------+-------++-------
Melee: Unarmed           |    13 |       |       ||    13
       Trident           |       |     1 |    12 ||    13
 Cast: Sting             |    26 |     1 |     1 ||    28
       Poisonous Vapours |     4 |       |     7 ||    11
       Mephitic Cloud    |       |     1 |     1 ||     2
       Olgreb's Toxic Ra |       |     1 |     1 ||     2
  Use: Potion            |     3 |       |     2 ||     5
Armor: Robe              |     1 |       |     1 ||     2
Dodge: Dodged            |     4 |       |    11 ||    15
Block: Other             |       |       |     3 ||     3

Table legend: (Time is in decaauts)
 A = Elapsed time spent in this place.
 B = Non-inter-level travel time spent in this place.
 C = Inter-level travel time spent in this place.
 D = Time resting spent in this place.
 E = Time spent auto-exploring this place.
 F = Levels seen in this place.
 G = Mean time per level.
                   A        B        C        D        E       F      G
               +--------+--------+--------+--------+--------+-----+--------+
         Total |    803 |    802 |      1 |    555 |      0 |   1 |  803.0 |
       Dungeon |    803 |    802 |      1 |    555 |      0 |   1 |  803.0 |
               +--------+--------+--------+--------+--------+-----+--------+

Top non-repeatable levels by time:
       D: 803 daAuts
